 Dungeon Crawl Stone Soup version 0.18-a0-1343-g48c8f86 (webtiles) character file.

8602 M4edhros the Martial Artist (level 11, -2/100 HPs)
             Began as a Minotaur Monk on Feb 16, 2016.
             Was an Elder of Cheibriados.
             Shot with an arrow by a centaur (13 damage)
             ... on level 12 of the Dungeon.
             The game lasted 00:23:17 (4749 turns).

M4edhros the Martial Artist (Minotaur Monk)         Turns: 4749, Time: 00:23:18

Health: -2/100     AC:  9    Str: 23    XL:     11   Next: 12%
Magic:  15/19      EV: 14    Int: 16    God:    Cheibriados [****..]
Gold:   261        SH:  0    Dex: 25    Spells: 0 memorised, 10 levels left

rFire  . . .     SeeInvis .       - Unarmed
rCold  . . .     Gourm    .     i - +0 troll leather armour
rNeg   . . .     Faith    .     (no shield)
rPois  .         Spirit   .     (helmet restricted)
rElec  .         Dismiss  .     (no cloak)
rCorr  .         Reflect  .     (no gloves)
SustAt .         Harm     .     I - +0 pair of boots
MR     +....                    (no amulet)
Stlth  ++........               (no ring)
                                k - ring of magical power

@: very slow, somewhat resistant to hostile enchantments, unstealthy
A: retaliatory headbutt, claws 1, horns 2, thin metallic scales 1, blink, blurry
vision 1, magic resistance 1, screaming 1, weak 1, subdued magic 1
a: Blink, Bend Time, Temporal Distortion, Slouch, Renounce Religion


You were on level 12 of the Dungeon.
You worshipped Cheibriados.
Cheibriados was greatly pleased with you.
You were not hungry.

You visited 2 branches of the dungeon, and saw 13 of its levels.
You also visited: Sewer.

You collected 261 gold pieces.

Inventory:

Hand Weapons
 t - a +2 quarterstaff of draining
 D - a +0 blowgun
Missiles
 d - a throwing net
 n - 9 tomahawks (quivered)
 E - 37 poisoned needles
Armour
 i - a +0 troll leather armour (worn)
 I - a +0 pair of boots (worn)
 K - a +0 plate armour
Jewellery
 k - a ring of magical power (left claw)
 v - an uncursed ring of ice
Wands
 j - a wand of iceblast (1/15)
 o - a wand of paralysis (10/24)
 s - a wand of flame (31/48)
 y - a wand of disintegration (0/24)
Scrolls
 a - a scroll of identify
 c - 2 scrolls of remove curse
 h - 3 scrolls of enchant armour
 x - a scroll of blinking {unknown}
 A - 2 scrolls of enchant weapon
 G - 2 scrolls of fog
 L - a scroll of magic mapping
Potions
 u - 3 potions of curing
Books
 e - a book of Enchantments

   Spells                             Type                      Level
   a - Cause Fear                     Hexes                        4
   b - Yara's Violent Unravelling     Hexes/Transmutation          5
   c - Silence                        Hexes/Air                    5
   d - Deflect Missiles               Charms/Air                   6
   e - Haste                          Charms                       6
   f - Discord                        Hexes                        8
 F - a book of Minor Magic

   Spells                             Type                      Level
   a - Magic Dart                     Conjuration                  1
   b - Blink                          Translocation                2
   c - Call Imp                       Summoning                    2
   d - Repel Missiles                 Charms/Air                   2
   e - Slow                           Hexes                        2
   f - Conjure Flame                  Conjuration/Fire             3
   g - Mephitic Cloud                 Conjuration/Poison/Air       3
Comestibles
 b - 5 bread rations
 g - 4 fruits
 m - 3 meat rations
 r - 2 slices of pizza
 C - a beef jerky


   Skills:
 - Level 10.2 Fighting
 + Level 11.0 Armour
 - Level 3.2 Dodging
 - Level 1.5 Stealth
 + Level 13.5 Unarmed Combat


You had 10 spell levels left.
You didn't know any spells.

Dungeon Overview and Level Annotations

Branches:
Dungeon (13/15)            Temple (1/1) D:7
   Lair: D:8-11         Orc: D:9-12      Vaults: D:13-14

Altars:
Ashenzari
Cheibriados
Elyvilon
Gozag
Kikubaaqudgha
Makhleb
Nemelex Xobeh
Okawaru
Pakellas
Qazlal
Sif Muna
Xom
Yredelemnul
Zin
The Shining One

Shops:
D:7 *

Annotations:
D:2 Sigmund
D:8 Maurice


Innate Abilities, Weirdness & Mutations

You reflexively headbutt those who attack you in melee.
You have a pair of horns on your head.
You have sharp fingernails.
You are partially covered in thin metallic scales (AC +2).
You can translocate small distances at will.
Scrolls take you a little longer to read.
You are resistant to hostile enchantments.
You occasionally shout uncontrollably at your foes.
You are weak. (Str -2)
Your spells are a little easier to cast, but a little less powerful.


Message History

The centaur shoots an arrow.
The arrow hits you.
* * * LOW HITPOINT WARNING * * *
The kobold hits you but does no damage. The centaur closely misses you.
You hear a shout!
A centaur comes into view.
Unknown command.
You warp the flow of time around you!
You feel somewhat more hungry.
You fail to use your ability.
The kobold shouts! x2
The centaur closely misses you. You furiously retaliate!
You headbutt the centaur, but do no damage.
The hill giant barely misses you. You furiously retaliate!
You headbutt the hill giant!
The centaur hits you but does no damage.
The kobold hits you with a dagger.
* * * LOW HITPOINT WARNING * * *
The centaur completely misses you. You furiously retaliate!
You headbutt the centaur!
The centaur wields a shortbow.
The centaur shoots an arrow.
The arrow hits you!
You die...

###########(oK###########
............KlK).........
........KH..KKKK.......<.
#######cK################
#c.# #.o# #.K# #cK#
#.@###############
############.Cc.††...>.......
..........c.....†.)..........
###################..........
#..######## #..# #..# #...
.....


You could see a hill giant, a manticore, 5 centaurs, an orc and 4 kobolds.

Vanquished Creatures
  Josephine (D:13)
  Erica (D:8)
  A hill giant (D:13)
  2 ugly things (D:13)
  A kobold demonologist (D:13)
  2 trolls
  3 wraiths (D:13)
  11 yaks
  A hippogriff (D:13)
  2 orc warriors
  5 sky beasts
  A black bear (D:8)
  The ghost of M4edhros the Ruffian, an amateur MiMo (D:4)
  2 centaurs
  4 ogres
  6 big kobolds
  5 giant frogs
  A wyvern skeleton (D:12)
  A scorpion (D:6)
  A wight (D:7)
  A giant frog zombie (D:5)
  2 jellies
  2 orc priests
  A centaur skeleton (D:12)
  7 hounds
  An orc wizard (D:9)
  2 iguanas
  4 worker ants
  A hound skeleton (D:6)
  4 gnolls (D:7)
  4 adders
  6 river rats (Sewer)
  A shadow imp (D:7)
  9 giant geckos
  14 orcs
  5 giant cockroaches
  4 goblins
  A hobgoblin (D:1)
  15 jackals
  22 kobolds
  8 ball pythons
  A bat (D:3)
  5 giant newts
  24 rats
196 creatures vanquished.

Vanquished Creatures (others)
  A troll (D:13)
  An orc wizard (D:13)
2 creatures vanquished.

Grand Total: 198 creatures vanquished

Notes
Turn   | Place    | Note
--------------------------------------------------------------
     0 | D:1      | M4edhros the Minotaur Monk began the quest for the Orb.
     0 | D:1      | Reached XP level 1. HP: 19/19 MP: 0/0
   146 | D:2      | Noticed Sigmund
   173 | D:3      | Reached XP level 2. HP: 25/27 MP: 1/1
   268 | D:3      | Reached skill level 5 in Unarmed Combat
   269 | D:3      | HP: 1/27 [orc/club (3)]
   378 | D:3      | Found an oddly glowing altar of Pakellas.
   401 | D:4      | Found an ancient bone altar of Kikubaaqudgha.
   514 | D:4      | Reached XP level 3. HP: 19/34 MP: 2/2
   580 | D:4      | Noticed an ogre
   618 | D:3      | Reached XP level 4. HP: 8/41 MP: 3/3
   630 | D:3      | HP: 2/41 [kobold/whip (2)]
   988 | D:4      | Killed an ogre
   988 | D:4      | Reached skill level 5 in Fighting
   988 | D:4      | Reached XP level 5. HP: 33/48 MP: 4/4
  1025 | D:4      | Reached skill level 6 in Unarmed Combat
  1034 | D:4      | Noticed M4edhros's ghost (amateur MiMo)
  1055 | D:4      | Killed M4edhros's ghost
  1143 | D:5      | Entered Level 5 of the Dungeon
  1303 | D:5      | Reached XP level 6. HP: 57/57 MP: 5/5
  1305 | D:5      | Noticed a sky beast
  1318 | D:5      | Killed a sky beast
  1335 | D:5      | Noticed a sky beast
  1346 | D:5      | Killed a sky beast
  1346 | D:5      | Reached skill level 7 in Fighting
  1350 | D:5      | Gained mutation: You are resistant to hostile enchantments. [mutagenic meat]
  1351 | D:5      | Gained mutation: Your mind is acute. (Int +2) [mutagenic meat]
  1352 | D:5      | Gained mutation: You are partially covered in thin metallic scales (AC +2). [mutagenic meat]
  1355 | D:5      | Gained mutation: You can translocate small distances at will. [mutagenic meat]
  1497 | D:5      | Found a glowing silver altar of Zin.
  1576 | D:5      | Reached XP level 7. HP: 66/66 MP: 6/6
  2181 | D:6      | Reached skill level 8 in Fighting
  2284 | D:6      | Found a glowing drain.
  2303 | Sewer    | Entered a sewer
  2541 | Sewer    | Reached XP level 8. HP: 65/75 MP: 7/7
  2562 | Sewer    | Reached skill level 9 in Fighting
  3109 | D:7      | Found an opulent altar of Gozag.
  3111 | D:7      | Found Gozag's Platinum Reserve.
  3118 | D:7      | Reached skill level 10 in Fighting
  3507 | D:7      | Reached skill level 1 in Armour
  3612 | D:7      | Found a staircase to the Ecumenical Temple.
  3652 | Temple   | Entered the Ecumenical Temple
  3682 | Temple   | Became a worshipper of Cheibriados the Contemplative
  3682 | Temple   | Reached * piety under Cheibriados
  3682 | Temple   | Reached ** piety under Cheibriados
  3830 | D:8      | Noticed Maurice
  3841 | D:8      | Reached skill level 10 in Unarmed Combat
  3841 | D:8      | Reached XP level 9. HP: 82/85 MP: 8/8
  3854 | D:8      | Gained mutation: You occasionally shout uncontrollably at your foes. [mutagenic meat]
  3856 | D:8      | Gained mutation: Scrolls take you a little longer to read. [mutagenic meat]
  3877 | D:8      | Gained mutation: You are weak. (Str -2) [mutagenic meat]
  3878 | D:8      | Gained mutation: You have sharp fingernails. [mutagenic meat]
  4044 | D:8      | Noticed Erica
  4060 | D:8      | Killed Erica
  4060 | D:8      | Reached skill level 5 in Armour
  4173 | D:9      | Reached skill level 11 in Unarmed Combat
  4295 | D:10     | Entered Level 10 of the Dungeon
  4297 | D:10     | Noticed a troll
  4316 | D:9      | Killed a troll
  4316 | D:9      | Reached XP level 10. HP: 62/93 MP: 9/9
  4378 | D:10     | Reached *** piety under Cheibriados
  4386 | D:10     | Gained mutation: Your spells are a little easier to cast, but a little less powerful. [mutagenic meat]
  4440 | D:10     | You fall through a shaft for 3 floors!
  4440 | D:13     | Noticed Josephine
  4456 | D:13     | Killed Josephine
  4456 | D:13     | Reached skill level 12 in Unarmed Combat
  4471 | D:13     | Noticed a deep elf mage
  4474 | D:13     | Noticed a smoke demon
  4497 | D:13     | Noticed a hill giant
  4505 | D:13     | Killed a hill giant
  4513 | D:13     | Noticed a purple ugly thing
  4524 | D:13     | Killed a purple ugly thing
  4524 | D:13     | Reached skill level 10 in Armour
  4524 | D:13     | Reached skill level 13 in Unarmed Combat
  4578 | D:13     | Noticed a red ugly thing
  4590 | D:13     | Killed a red ugly thing
  4595 | D:13     | Lost mutation: Your mind is acute. (Int +2) [mutagenic meat]
  4651 | D:12     | Reached XP level 11. HP: 26/100 MP: 10/10
  4661 | D:12     | Reached **** piety under Cheibriados
  4746 | D:12     | Noticed a hill giant
  4749 | D:12     | Shot with an arrow by a centaur

Vault maps used:
D:1:      minmay_arrival_shoal_huts
D:2:      bloody_trog, evilmike_ruin_ashenzari, uniq_crazy_yiuf_cottage,
          uniq_sigmund
D:3:      grunt_pakellas_salt, first_bread
D:4:      kiku_gazebo_pond_becter
D:5:      nicolae_overflow_hidden_temple, nicolae_overflow_crystal_walls
D:6:      portal_sewer_entry_f, minivault_10, minmay_lizard_king
D:7:      minmay_temple_entry_statues, nicolae_gozag_zags_fifth_avenue
D:8:      uniq_maurice, uniq_gastronok, uniq_prince_ribbit1, uniq_erica
D:9:      david_orc_4
D:10:     glass_columns_c
D:12:     enter_trove_0, uniq_azrael
D:13:     minmay_two_paths, hangedman_vaults_entry_quadrant_bands, uniq_sonja,
          uniq_frances, uniq_urug, uniq_josephine
Temple:   circular_temple_12
Sewer:    sewer_minmay_treatment

Action                   |  1- 3 |  4- 6 |  7- 9 | 10-12 || total
-------------------------+-------+-------+-------+-------++-------
Melee: Unarmed           |    64 |    48 |   281 |   116 ||   509
       Quarterstaff      |       |     5 |       |       ||     5
Invok: Bend Time         |       |       |       |     1 ||     1
       Temporal Distorti |       |       |       |     1 ||     1
 Abil: Blink             |       |       |       |     2 ||     2
Evoke: Wand              |       |       |     4 |     5 ||     9
  Use: Scroll            |       |       |     8 |     5 ||    13
       Potion            |       |       |    11 |    11 ||    22
 Stab: Sleeping          |     3 |     1 |     3 |       ||     7
  Eat: Chunk             |       |     7 |    14 |     9 ||    30
